 Dungeon Crawl Stone Soup version 0.21.1-1-g345015f (webtiles) character file.

64 Kairos the Charmwright (level 3, -2/27 HPs)
             Began as a Demonspawn Skald on Mar 26, 2018.
             Killed from afar by Ijyb (8 damage)
             ... with a wand of flame (14)
             ... on level 2 of the Dungeon.
             The game lasted 00:02:22 (2105 turns).

Kairos the Charmwright (Demonspawn Skald)           Turns: 2105, Time: 00:02:23

Health: -2/27      AC:  6    Str: 12    XL:     3   Next: 91%
Magic:  6/6        EV: 12    Int: 14    God:
Gold:   37         SH:  0    Dex: 12    Spells: 5/6 levels left

rFire    . . .     SeeInvis .   a - +0 mace
rCold    . . .     Gourm    .   (no shield)
rNeg     . . .     Faith    .   b - +0 leather armour
rPois    .         Spirit   .   (no helmet)
rElec    .         Reflect  .   (no cloak)
rCorr    .         Harm     .   g - +2 pair of gloves {archery}
MR       .....                  (no boots)
Stlth    ++........             (no amulet)
HPRegen  0.09/turn              k - ring of stealth
MPRegen  0.10/turn              (no ring)

@: no status effects
A: talons 1
a: no special abilities


You were on level 2 of the Dungeon.
You were hungry.

You visited 1 branch of the dungeon, and saw 2 of its levels.

You collected 37 gold pieces.

Inventory:

Hand Weapons
 a - a +0 mace (weapon)
Armour
 b - a +0 leather armour (worn)
 g - a +2 pair of gloves of archery (worn)
Jewellery
 k - a ring of stealth (left hand)
Scrolls
 h - a scroll of enchant weapon {unknown}
 i - a scroll of magic mapping {unknown}
 j - a scroll of enchant armour {unknown}
 l - a scroll of remove curse {unknown}
 o - a scroll of identify {unknown}
Potions
 e - a potion of berserk rage {unknown}
 f - a potion of ambrosia {unknown}
 m - a potion of brilliance {unknown}
 p - a potion of curing {unknown}
Books
 c - a book of Battle

   Spells                             Type                      Level
   a - Infusion                       Charms                       1
   b - Shroud of Golubria             Charms/Translocation         2
   c - Song of Slaying                Charms                       2
   d - Spectral Weapon                Hexes/Charms                 3
   e - Regeneration                   Charms/Necromancy            3
Comestibles
 d - 3 rations


   Skills:
 + Level 2.2 Fighting
 + Level 2.3 Maces & Flails
 + Level 1.9 Armour
 + Level 2.1 Dodging
 + Level 0.5 Stealth
 + Level 2.1 Spellcasting
 + Level 3.0 Charms


You had 5 spell levels left.
You knew the following spells:

 Your Spells              Type           Power        Failure   Level  Hunger
a - Infusion              Chrm           ##..         9%          1    #......


Dungeon Overview and Level Annotations

Branches:
Dungeon (2/15)

Altars:

Annotations:
D:2 Ijyb


Innate Abilities, Weirdness & Mutations

You have sharp toenails.


Message History

Ijyb is lightly wounded.
Ijyb completely misses you. The giant cockroach bites you.
* * * LOW HITPOINT WARNING * * *
Ijyb closely misses you.
The giant cockroach completely misses you.
You barely miss Ijyb.
Ijyb is lightly wounded.
The giant cockroach bites you but does no damage.
Ijyb hits you but does no damage.
You hit Ijyb but do no damage.
Ijyb is lightly wounded.
The giant cockroach bites you but does no damage.
Ijyb zaps a wand.
The puff of flame misses you.
The puff of flame misses the giant cockroach.
The giant cockroach closely misses you.
You hit Ijyb but do no damage. You claw Ijyb.
Ijyb is lightly wounded.
Ijyb barely misses you. The giant cockroach barely misses you.
Ijyb zaps a wand.
The puff of flame hits you!
You die...

.............# #.# #
.............# #.# #
.......>.....###############.# #
................).รท..........####
..............#################..
..............#################.#
.........####.......s............
###...#########.s###############.
#...# 8.8.8.8.@# #..... #...#
........g# #.#... #...# .........#
#.## #...# .........# #.# ######
.........# #.# #<...# .........#
#.# #....# 8.8.8.8..# #.#
#....################## #.#
##....##................ #.#


You could see Ijyb and a giant cockroach.

Vanquished Creatures
  2 adders (D:2)
  A worm (D:2)
  A dart slug (D:2)
  2 leopard geckos (D:1)
  3 bats
  9 goblins
  A hobgoblin (D:2)
  5 jackals
  5 kobolds
  5 frilled lizards
  3 rats
37 creatures vanquished.

Notes
Turn   | Place    | Note
-------+----------+-------------------------------------------
     0 | D:1      | Kairos the Demonspawn Skald began the quest for the Orb.
     0 | D:1      | Reached XP level 1. HP: 16/16 MP: 3/3
    31 | D:1      | Reached skill level 3 in Charms
    92 | D:1      | Gained mutation: You have sharp toenails. [demonic ancestry]
    92 | D:1      | Reached XP level 2. HP: 15/22 MP: 5/5
   606 | D:1      | Reached skill level 1 in Armour
  1083 | D:2      | Reached XP level 3. HP: 16/27 MP: 6/6
  1587 | D:2      | Noticed Ijyb
  2105 | D:2      | Killed from afar by Ijyb

Skill      XL: |  1  2  3 |
---------------+----------+-----
Charms         | 3 |  3.0
Maces & Flails | 2 |  2.3
Armour         | 1 |  1.9
Dodging        | 2 |  2.1
Fighting       | |  2.2
Stealth        | |  0.5
Spellcasting   | |  2.1

Action                   || total
-------------------------++-------
Melee: Mace              ||   127
       Kick              ||    23
 Stab: Sleeping          ||     2
  Eat: Chunk             ||     3
Armor: Leather armour    ||    68
Dodge: Dodged            ||   138
